Map: 瑟拉斯遺跡

Players

Rex

  • Race: Zerg Zerg
  • League: Grandmaster

Expect - Winner!

  • Race: Terran Terran
  • League: Master

Event: 2016 WCS Winter Challenger Taiwan

VOD

Have the link to the VOD?

Description

Time

  • Played on: Jan. 16, 2016, 5:57 a.m.
  • Length: 10:56

All games in this series

Show
View Real Time Build Order
Export as new Build Order

Rex Zerg 

Build Orders: Hatch First 

Get SALT Encoding   

  12  0:02  Drone  
  13  0:08  Drone  
  14  0:18  Overlord  
  14  0:24  Drone, Extractor  
  15  0:37  Drone x2  
  17  0:56  Hatchery  
  16  0:59  Drone  
  16  1:01  Drone  
  18  1:05  Extractor  
  17  1:19  Spawning Pool  
  17  1:22  Drone  
  17  1:25  Drone  
  18  1:31  Drone  
  19  1:39  Overlord  
  19  1:53  Drone  
  20  2:05  Queen  
  20  2:06  Zergling x2  
  20  2:07  Queen  
  26  2:08  Zergling x2  
  26  2:12  Drone  
  27  2:19  Drone  
  28  2:27  Roach Warren  
  27  2:32  Drone  
  27  2:36  Drone  
  29  2:41  Drone  
  30  2:48  Overlord x2  
  29  3:07  Roach  
  29  3:08  Roach x3  
  29  3:12  Roach  
  39  3:15  Roach x2  
  43  3:25  Roach  
  45  3:31  Ravager  
  46  3:43  Overlord  
  46  3:44  Drone x5  
  50  3:49  Drone  
  50  3:52  Ravager  
  52  3:56  Overlord  
  52  4:03  Drone x5  
  55  4:23  Drone  
  54  4:24  Drone  
  54  4:25  Drone x2  
  54  4:26  Metabolic Boost  
  54  4:27  Drone  
  54  4:29  Drone, Extractor  
  56  4:31  Hatchery  
  56  4:38  Queen  
  57  4:39  Overlord  
  57  4:43  Ravager  
  57  4:45  Drone x2  
  60  4:46  Drone  
  60  4:49  Extractor  
  60  4:53  Drone x2  
  60  4:54  Drone  
  60  4:56  Zergling x2  
  60  4:57  Overlord  
  60  4:59  Drone x2  
  66  5:06  Overlord  
  66  5:07  Drone x2  
  66  5:09  Drone  
  66  5:10  Drone  
  66  5:14  Lair  
  70  5:20  Evolution Chamber  
  69  5:22  Evolution Chamber  
  69  5:23  Overlord  
  69  5:25  Drone  
  69  5:29  Drone x4  
  73  5:42  Extractor  
  73  5:43  Drone x5  
  73  5:44  Roach  
  77  5:54  Zerg Ground Armor Level 1, Zerg Missile Weapons Level 1  
  77  5:55  Drone x3  
  80  6:00  Drone  
  80  6:01  Drone x4  
  84  6:05  Roach x2  
  84  6:07  Ravager  
  84  6:09  Roach  
  91  6:12  Roach  
  91  6:16  Roach  
  91  6:18  Roach  
  97  6:21  Overlord  
  97  6:26  Overlord  
  97  6:32  Roach  
  97  6:39  Roach x2  
  92  6:40  Roach  
  92  6:41  Roach  
  92  6:45  Glial Reconstitution, Roach x3  
  102  6:47  Roach  
  102  6:49  Roach  
  102  6:50  Roach  
  102  6:51  Roach  
  108  6:59  Overlord x2  
  100  7:21  Roach x8  
  100  7:31  Roach  
  100  7:32  Roach  
  100  7:36  Queen, Roach  
  100  7:40  Ravager  
  103  7:44  Roach  
  103  7:46  Overseer  
  103  7:47  Roach  
  103  7:50  Ravager  
  103  7:51  Overlord, Ravager  
  107  7:54  Roach x2  
  107  7:55  Hatchery, Roach  
  112  8:00  Roach x2  
  112  8:01  Roach  
  112  8:03  Roach  
  120  8:12  Hatchery  
  119  8:21  Roach  
  119  8:22  Roach x2  
  119  8:23  Roach x2  
  129  8:31  Burrow  
  129  8:36  Drone x3  
  129  8:39  Infestation Pit  
  129  8:40  Overlord  
  131  8:43  Overlord  
  131  8:48  Overlord x3  
  131  8:57  Overlord  
  131  8:59  Drone x2  
  131  9:01  Overlord  
  131  9:04  Drone  
  131  9:07  Tunneling Claws  
  131  9:09  Drone  
  131  9:10  Ravager  
  131  9:12  Drone x2  
  134  9:19  Roach x2  
  134  9:20  Roach  
  140  9:25  Roach  
  140  9:26  Roach  
  140  9:30  Roach x3  
  144  9:33  Roach  
  142  9:41  Roach x2  
  146  9:46  Roach  
  146  9:58  Roach x8  
  150  10:07  Roach x3  
  150  10:08  Roach x2  
  150  10:10  Roach  
  150  10:13  Roach x2  
  150  10:15  Roach  
  150  10:17  Roach  
  141  10:21  Roach  
  141  10:23  Roach  
  141  10:26  Roach x2  
  141  10:28  Roach  
  123  10:32  Roach  
  123  10:34  Roach x2  
  99  10:37  Roach  
Show
View Real Time Build Order
Export as new Build Order

Expect Terran - Winner!

Build Orders: Liberator Opening, Reaper Expand, Bio Tank 

Get SALT Encoding   

  12  0:00  SCV  
  13  0:13  SCV  
  14  0:18  Supply Depot  
  14  0:25  SCV  
  15  0:39  SCV  
  15  0:41  Barracks  
  16  0:45  Refinery  
  16  0:52  SCV  
  17  1:04  SCV  
  18  1:16  SCV  
  19  1:29  Reaper  
  19  1:32  Orbital Command  
  20  1:45  Command Center  
  20  1:55  Supply Depot  
  20  1:58  SCV  
  21  2:09  Factory  
  21  2:10  Marine  
  21  2:14  SCV  
  23  2:20  Refinery  
  23  2:26  SCV  
  24  2:38  Barracks Reactor, SCV  
  25  2:50  SCV  
  26  3:00  Orbital Command  
  26  3:03  SCV  
  26  3:04  Starport  
  26  3:11  Factory Tech Lab  
  26  3:13  Marine x2  
  26  3:15  SCV  
  29  3:23  Bunker  
  29  3:27  SCV x2  
  29  3:30  Siege Tank  
  29  3:31  Marine x2  
  29  3:33  Liberator  
  36  3:40  SCV x2  
  38  3:51  Marine  
  38  3:52  Supply Depot, Marine  
  38  3:54  SCV x2  
  45  4:04  Supply Depot  
  45  4:06  SCV  
  46  4:14  SCV  
  47  4:18  Siege Tank, Marine x2  
  47  4:20  SCV  
  52  4:26  SCV  
  52  4:28  Supply Depot  
  53  4:32  SCV  
  53  4:38  SCV  
  55  4:39  Medivac, Marine  
  55  4:40  Marine  
  59  4:51  Command Center  
  59  4:53  Supply Depot, SCV  
  59  4:54  SCV  
  61  5:02  Supply Depot  
  61  5:04  Siege Tank  
  61  5:05  Marine x2  
  66  5:08  SCV x2  
  68  5:17  Barracks  
  68  5:18  Barracks  
  68  5:21  Starport Reactor  
  68  5:23  SCV x2  
  68  5:25  Refinery  
  68  5:26  Refinery  
  70  5:34  Engineering Bay x2  
  70  5:35  SCV x2  
  71  5:40  Siege Tank  
  71  5:42  Marine x2  
  77  5:52  SCV x2  
  79  6:04  Orbital Command  
  79  6:07  Barracks Tech Lab x2, Marine x2  
  81  6:11  SCV x2  
  81  6:12  Siege Tank  
  81  6:13  Supply Depot  
  86  6:25  SCV, Marine x2  
  88  6:38  Orbital Command  
  85  6:40  Combat Shields  
  85  6:41  Stimpack, Marine  
  85  6:42  Marauder  
  85  6:43  Marine x2  
  85  6:44  Siege Tank  
  91  6:54  Terran Infantry Weapons Level 1, Terran Infantry Armor Level 1  
  91  6:59  Marauder  
  91  7:01  Marine x2  
  91  7:03  Marauder  
  91  7:04  Barracks  
  91  7:08  Barracks  
  89  7:18  Marine  
  89  7:19  SCV, Marine  
  89  7:21  Marauder  
  78  7:30  Marine  
  78  7:35  Medivac x2  
  78  7:36  SCV, Marine x2  
  78  7:37  SCV x2  
  87  7:41  Marine  
  89  7:48  Siege Tank, Marine  
  93  7:52  Barracks Tech Lab  
  93  7:54  Barracks  
  93  7:56  Barracks Reactor  
  93  7:57  Barracks  
  93  8:00  Marauder  
  95  8:08  Concussive Shells  
  95  8:09  Armory, Marine x2  
  95  8:10  Supply Depot, Marauder  
  99  8:13  Supply Depot  
  99  8:19  Marauder  
  101  8:21  Marauder, SCV  
  101  8:23  Supply Depot  
  104  8:27  Marine x2  
  104  8:31  Marauder  
  108  8:34  Medivac x2  
  108  8:35  Siege Tank  
  108  8:39  SCV x3  
  108  8:40  Marauder  
  108  8:41  Refinery x2  
  120  8:42  Marine  
  120  8:45  Marine x2  
  120  8:47  Barracks Reactor, Barracks Tech Lab  
  120  8:48  Marine x2  
  125  8:50  Supply Depot  
  125  8:53  Marauder  
  127  9:00  Marauder  
  127  9:01  Marine  
  130  9:03  Marine x2  
  132  9:13  Supply Depot x2, Marine  
  132  9:14  Marauder  
  132  9:15  Marauder, Marine  
  138  9:19  Marine  
  138  9:20  Supply Depot  
  138  9:27  Marauder, Marine x2  
  133  9:37  Medivac x2, Marine  
  133  9:38  Marauder x2, Marine x2  
  143  9:39  Marauder  
  146  9:46  Supply Depot  
  146  9:56  Marine x3  
  146  9:57  Marauder, Marine  
  146  9:58  Marine x2  
  146  9:59  Marauder  
  158  10:00  Marauder  
  158  10:01  Marine  
  151  10:14  Marine x4  
  151  10:18  Marauder  
  151  10:20  Marauder  
  151  10:26  Medivac x2  
  151  10:27  Marauder x2, Marine x2  
  152  10:32  Marine  
  152  10:34  Supply Depot, Marine  
  143  10:36  Marine  
Tags
 
Add a new tag
Caveats
  • Supply blocks, unpowered buildings, or Contaminate may cause inaccurate times.
  • Supply counts are checked every 10 seconds.